[Event "1000GM 0003 GM Norm 2022"]
[Site "Saint Louis"]
[Date "2022.09.22"]
[Round "2.1"]
[White "Raja Harshit"]
[Black "Tugstumur, Yesuntumur"]
[Result "1-0"]
[ECO "B48"]
[WhiteElo "2459"]
[BlackElo "2375"]
[Annotator "TA"]
[PlyCount "107"]
[EventDate "2022.09.21"]
[EventType "tourn"]
[EventCountry "USA"]
[SourceTitle "playchess.com"]
[Source "ChessBase"]
[SourceQuality "1"]
[TimeControl "5400+30"]

1. e4 c5 2. Nf3 e6 3. d4 cxd4 4. Nxd4 Nc6 5. Nc3 Qc7 6. Be3 a6 7. g4 $1 {[%emt 0:00:40][%mdl 4] is recently more successful than 7.Qd2. B48: Sicilian: Taimanov: 5 Nc3 Qc7 6 Be3 a6 without Be2.} b5 8. Nxc6 dxc6 9. Qf3 {[%emt 0:02:52] White is slightly better.} Ne7 (9... e5 $11) 10. h4 {[%emt 0:11:49][%cal Bh2h4,Bh4h5][%mdl 32] White is more active.} e5 {[%emt 0:14:44] [#]} 11. h5 $146 ({Predecessor:} 11. g5 Ng6 12. h5 Nf4 13. Ne2 Bd6 14. Nxf4 exf4 15. Bd4 Be5 16. O-O-O Be6 17. Qc3 Bxd4 18. Qxd4 {1-0 (55) Rakotomaharo,F (2391)-Neiksans,A (2560) Riga 2021}) 11... Be6 12. g5 O-O-O (12... Rd8 $14) 13. a4 b4 14. Nb1 (14. Bxa6+ Kb8 $16) (14. a5 $142 bxc3 15. Bxa6+ Kb8 16. Bb6) 14... c5 15. Bxa6+ Kb8 16. Nd2 Nc6 17. Bc4 (17. Qe2 $16) 17... Be7 (17... Rxd2 $1 $14 18. Bxe6 Rxc2 19. Qxf7 Qxf7 20. Bxf7 Nd4) 18. Bxe6 $18 fxe6 19. Qe2 (19. Qg4 $18) 19... Rhf8 (19... Nd4 $16 {was called for.} 20. Bxd4 exd4) 20. a5 Nd4 {[%emt 0:01:07] [#] Against Qb5+} 21. Qc4 Qc6 22. g6 hxg6 23. hxg6 Nf5 24. O-O-O Nxe3 25. fxe3 Bg5 26. Rde1 Rf6 {[%emt 0:01:36] [#]} (26... Bf6 $16 {was worth a try.} 27. Nb3 Rc8) 27. Nb3 ({White should play} 27. Qe2 $1 $18) 27... Rc8 28. Kb1 $36 {[%emt 0:00:28][%mdl 2048] Rh5 is the strong threat. White has strong initiative.} Rf3 29. Rh5 (29. Rh7 Rc7 $16) (29. Rhf1 $18 Rxf1 30. Rxf1) 29... Rxe3 (29... Rg3 $16) 30. Rxe3 Bxe3 31. c3 (31. Rxe5 Rh8 32. Qf1 (32. Nxc5 Bxc5 33. b3 Rc8 $11) (32. Rxe6 Rh1+) 32... c4 $11) 31... bxc3 $2 (31... Bf4 32. Rh3 (32. cxb4 cxb4 33. Qxb4+ Qb7 $16) 32... Ka7 33. cxb4 cxb4 34. Qxb4 Qc4 35. Qxc4 Rxc4) 32. Rxe5 Rh8 $2 (32... cxb2 $2 33. Rxe6 Qxe6 34. Qxe6 $18) (32... Re8 33. Qxc3 Bf2 34. Nxc5 Bxc5) 33. Rxe6 Rh1+ 34. Ka2 cxb2 35. Kxb2 (35. Rxc6 $142 b1=Q+ 36. Ka3 Bc1+ 37. Ka4 Qa2+ 38. Kb5 Qe2 39. Qxe2 Bf4 40. Qg4) 35... Qd7 36. Rb6+ Kc7 37. Qa6 $2 (37. e5 $18) 37... Bc1+ $1 $11 38. Kb1 (38. Nxc1 Qd2+ 39. Kb3 Rh3+ 40. Nd3 Rxd3+ 41. Qxd3 Qxd3+ $19) 38... Be3+ 39. Kb2 Bc1+ $1 40. Kc3 {[%emt 0:02:17] Rb7+ would kill now.} (40. Nxc1 $2 Qd2+ 41. Kb3 Rh3+ 42. Nd3 Rxd3+ 43. Qxd3 Qxd3+ $19) 40... Qh3+ 41. Qd3 $1 {[%emt 0:00:16] Chess con chili.} (41. Kc4 {leads to mate.} Qf1+ 42. Kxc5 Ba3+ 43. Kd4 Qf2+ 44. Kc3 Qb2+ 45. Kc4 Qe2+ 46. Kd4 Rd1+ 47. Ke5 Qh2+ 48. Ke6 Qh3+ 49. Ke5 Qg3+ 50. Kf5 Qf2+ 51. Ke5 Bb2+) 41... Bb2+ $2 42. Kc4 $18 {[%emt 0:00:23] Threatening mate with Qd6+.} Qxd3+ 43. Kxd3 {[%emt 0:00:01][%mdl 4096] Endgame KRB-KRN} Rh3+ 44. Kc4 Ba3 45. Re6 ({Not} 45. Nxc5 Bxc5 46. Kxc5 Rh5+ 47. Kb4 Re5 $16) 45... Kd7 46. Ra6 Bb2 47. Nxc5+ Kc7 48. Rb6 Bf6 49. Kb5 {[%emt 0:01:04] Intending a6 and mate.} Rh2 50. Rb7+ (50. Rc6+ $142 Kd8 51. a6 Rb2+ 52. Kc4 Rb8 53. Ne6+ Ke7 54. Kd5 Bd4 55. Kxd4) 50... Kc8 51. a6 {[%emt 0:00:10] White mates.} Rc2 52. Rf7 Kb8 53. Nd7+ Kc8 54. Nxf6 {[%emt 0:00:04] Weighted Error Value: White=0.39/Black=0.80} 1-0

[Event "1000GM 0003 GM Norm 2022"]
[Site "Saint Louis"]
[Date "2022.09.22"]
[Round "2.2"]
[White "Gedajlovic, Max"]
[Black "Stearman, Josiah"]
[Result "0-1"]
[ECO "D45"]
[WhiteElo "2343"]
[BlackElo "2387"]
[Annotator "TA"]
[PlyCount "50"]
[EventDate "2022.09.21"]
[EventType "tourn"]
[EventCountry "USA"]
[SourceTitle "playchess.com"]
[Source "ChessBase"]
[SourceQuality "1"]
[TimeControl "5400+30"]

1. d4 Nf6 2. Nf3 e6 3. c4 d5 4. Nc3 c6 5. e3 Nbd7 6. Qc2 Bd6 7. b3 O-O 8. Be2 b6 9. Bb2 Bb7 10. O-O Qe7 11. Rfe1 Rfe8 12. e4 {[%emt 0:00:39] [#] D45: Semi-Slav: 5 e3.} e5 $146 (12... dxe4 $11 13. Nxe4 Nxe4 14. Qxe4 Rad8) ({Predecessor:} 12... dxe4 13. Nxe4 Nxe4 14. Qxe4 Rad8 15. Bd3 Nf8 16. Qg4 f6 17. Rad1 Qf7 18. c5 bxc5 19. dxc5 Bxc5 {0-1 (35) Korobov,A (2688)-Giri,A (2764) chess24.com INT 2020}) 13. cxd5 (13. exd5 $14 cxd5 14. Nb5 exd4 15. Nfxd4 (15. Nxd6 Qxd6 16. Rad1 dxc4 $14)) 13... cxd5 $11 14. Bb5 (14. exd5 $11 {keeps the balance.} Nxd5 15. Nxd5 Bxd5 16. dxe5 Nxe5 17. Nxe5 Bxe5 18. Bf3) 14... dxe4 $17 15. Nxe5 {[%emt 0:10:10] Loses the game.} (15. Bxd7 $17 Qxd7 16. Nxe5 Bxe5 17. dxe5 Rxe5 18. Rad1) 15... Nxe5 $19 16. dxe5 Qxe5 17. g3 Rec8 18. Bc4 b5 19. Nd5 $2 (19. Nxe4 {was worth a try.} Bxe4 20. Bxe5 Bxc2 21. Bxf7+ Kxf7 22. Bxd6) 19... Qg5 20. Nxf6+ gxf6 21. Qd1 Rd8 {[%emt 0:01:08] [#] aiming for ...Bc5.} ({Worse is} 21... bxc4 22. Qxd6 c3 23. Bc1 $17) 22. Bf1 Bc5 {[%emt 0:01:46] ( -> ...e3)} 23. Qc1 {[%emt 0:01:23] Prevents e3.} e3 24. Rxe3 Qd5 25. f3 {[%emt 0:00:19] [#]} Re8 {[%emt 0:00:15] Weighted Error Value: White=1.66/Black=0.26 (precise)} (25... Qxf3 $142 $1 26. Qxc5 Qh1+ 27. Kf2 Qxh2+ 28. Bg2 Rd2+ 29. Ke1 Rxg2 30. Re2 Rxe2+ 31. Kd1 Bf3 32. Qf8+ Rxf8 33. Bd4 Rxa2+ 34. Ke1 Qe2#) 0-1

[Event "1000GM 0003 GM Norm 2022"]
[Site "Saint Louis"]
[Date "2022.09.22"]
[Round "2.3"]
[White "Antipov, Mikhail Al."]
[Black "Williams, Justus"]
[Result "1-0"]
[ECO "C90"]
[WhiteElo "2603"]
[BlackElo "2392"]
[Annotator "TA"]
[PlyCount "79"]
[EventDate "2022.09.21"]
[EventType "tourn"]
[EventCountry "USA"]
[SourceTitle "playchess.com"]
[Source "ChessBase"]
[SourceQuality "1"]
[TimeControl "5400+30"]

1. e4 e5 2. Nf3 Nc6 3. Bb5 a6 4. Ba4 Nf6 5. O-O Be7 6. Re1 b5 7. Bb3 d6 8. c3 h6 {[%emt 0:02:34] C90: Closed Ruy Lopez with 7...d6: Early deviations.} 9. d4 Bg4 10. h3 Bxf3 {[%emt 0:05:40] White has an edge.} 11. Qxf3 exd4 12. Qg3 {[%emt 0:01:34] [#]} Kf8 $146 ({Predecessor:} 12... g6 13. Bd5 Nxd5 14. exd5 Ne5 15. cxd4 Nc4 16. a4 {1-0 (16) Pech,J-Vermeulen,A LSS email 2007}) 13. Nd2 {[%emt 0:08:13] White is more active.} Qd7 14. f4 {[%emt 0:02:06][%cal Bf2f4,Bf4e5][%mdl 32] e5 is the strong threat.} Re8 (14... dxc3 $14 15. bxc3 Na5) 15. e5 $16 {[%emt 0:29:10] aiming for e6.} dxe5 16. fxe5 Bc5 {[%emt 0:01:31] Hoping for ...dxc3+.} 17. Nf3 (17. Kh1 $16 Nd5 18. Qf3) 17... dxc3+ $11 18. Kh2 Nh5 19. Qh4 Qf5 (19... g6 $1 $11) 20. bxc3 $16 {[%emt 0:01:10] Strongly threatening Nd4.} g6 21. Nd4 Qd7 22. Nxc6 (22. Bxf7 $6 Rxe5 23. Bxg6 Rxe1 24. Bxh5 Nxd4 25. Qxe1 Nc2 $11) 22... Qxc6 23. g4 ({White should play} 23. Rf1 $1 $16 f5 24. Rxf5+ gxf5 25. Qxh5) 23... Nf6 $2 {[%emt 0:11:43] White now steadily converts the win.} 24. Bxh6+ $18 (24. exf6 Bd6+ 25. Kg1 Bc5+ 26. Kh2 Bd6+ 27. Kg1 Bc5+ 28. Kh2 $11) (24. Qxf6 Qxf6 25. exf6 Rxe1 $17) 24... Kg8 25. Qxf6 $40 {[%emt 0:00:18][%mdl 128] White is out for blood. The board is on fire.} (25. Rf1 $2 Rxe5 $1 26. Rae1 Rxe1 27. Rxe1 Bd6+ 28. Kg1 Qxc3 $19) 25... Qxf6 26. exf6 Rxe1 27. Rxe1 Rxh6 {[%emt 0:00:42][%mdl 4096] Endgame KRB-KRB} 28. Re8+ Bf8 {[%emt 0:02:21] [#]} 29. Re7 $1 g5 (29... Bxe7 30. fxe7 Rh8 31. e8=Q+ Kh7 32. Qxf7+ Kh6 33. Bc2 Kg5 34. Qxg6+ Kf4 35. Qe4+ Kg5 36. Qe5+ Kh6 37. Qf6#) 30. Bxf7+ Kh8 {[%emt 0:00:48] [#]} 31. Re6 {[%emt 0:00:32] And now Bh5 would win.} (31. Re8 Rxf6 32. Rxf8+ Kg7 33. Rg8+ Kxf7 34. Rxg5 Rc6 $16) 31... Rh7 (31... Kh7 {was worth a try.} 32. Kg3 (32. Rxa6 Bd6+ 33. Kg2 Rxf6 $16) 32... Bd6+ 33. Kg2 Bf8) 32. Be8 (32. Bg6 $142) 32... Rh6 $2 (32... Kg8 33. Kg2 (33. Rxa6 Bd6+ 34. Kg2 Rh6 $18) 33... Rh6) 33. Kg2 $2 (33. Bh5) 33... Bd6 $2 (33... Kh7 34. Rxa6 Bd6 35. Bxb5 Rxf6) 34. Bh5 Kg8 35. Kf3 Rh8 36. Ke4 Kh7 37. Kf5 b4 38. cxb4 {[%emt 0:00:41] White threatens Bg6+ and mate.} Rb8 39. a4 Rxb4 40. Re8 {[%emt 0:00:13] Weighted Error Value: White=0.43/Black=0.76} 1-0

[Event "1000GM 0003 GM Norm 2022"]
[Site "Saint Louis"]
[Date "2022.09.22"]
[Round "2.4"]
[White "Kaliksteyn, Alexander"]
[Black "Mardov, Dimitar"]
[Result "1/2-1/2"]
[ECO "D02"]
[WhiteElo "2393"]
[BlackElo "2414"]
[Annotator "TA"]
[PlyCount "73"]
[EventDate "2022.09.21"]
[EventType "tourn"]
[EventCountry "USA"]
[SourceTitle "playchess.com"]
[Source "ChessBase"]
[SourceQuality "1"]
[TimeControl "5400+30"]

1. d4 Nf6 2. Nf3 d5 3. Bf4 Bf5 4. e3 e6 5. Bd3 Ne4 6. Nfd2 {[%emt 0:05:44] [#] D02: 1 d4 d5 2 Nf3 sidelines, including 2...Nf6 3 g3 and 2...Nf6 3 Bf4.} Nd7 $146 ({Predecessor:} 6... Nxd2 7. Qxd2 Bxd3 8. Qxd3 c6 9. O-O Bd6 10. Bxd6 Qxd6 11. Qb3 b6 12. c4 O-O 13. Nc3 Nd7 14. cxd5 exd5 {½-½ (24) Bu,X (2723)-Li,C (2758) Wuxi 2016}) 7. Nxe4 dxe4 8. Be2 {[%emt 0:00:12] White has an edge.} Be7 9. Nd2 Bf6 10. Nc4 O-O 11. O-O Be7 12. Qd2 Nf6 13. a3 c6 14. Qa5 Nd5 15. Bg3 Nb6 16. Rfd1 ({Better is} 16. Nd2 $14) 16... Nxc4 17. Qxd8 Rfxd8 18. Bxc4 Bd6 19. Bxd6 Rxd6 20. Be2 Kf8 21. c4 Ke7 22. b4 Rad8 23. Kf1 e5 24. dxe5 Rxd1+ (24... Rd2 $11) 25. Rxd1 $14 Rxd1+ 26. Bxd1 $11 {[%emt 0:00:04][%mdl 4096] Endgame KB-KB} Ke6 27. c5 (27. g4 $14) 27... Kxe5 {[%emt 0:00:27] The position is equal.} 28. Ke1 Be6 29. Kd2 f5 30. Kc3 Bd5 31. Bh5 g6 32. Be2 h6 33. Bd1 Be6 34. a4 a6 35. Be2 Bd5 36. Bf1 Be6 37. Be2 {[%emt 0:00:25] Weighted Error Value: White=0.09 (flawless) /Black=0.09 (flawless)} 1/2-1/2

[Event "1000GM 0003 GM Norm 2022"]
[Site "Saint Louis"]
[Date "2022.09.22"]
[Round "2.5"]
[White "Chandra, Akshat"]
[Black "Kretchetov, Alexandre"]
[Result "1/2-1/2"]
[ECO "D02"]
[WhiteElo "2471"]
[BlackElo "2144"]
[Annotator "TA"]
[PlyCount "113"]
[EventDate "2022.09.21"]
[EventType "tourn"]
[EventCountry "USA"]
[SourceTitle "playchess.com"]
[Source "ChessBase"]
[SourceQuality "1"]
[TimeControl "5400+30"]

1. d4 d5 2. Nf3 Nf6 3. Bf4 e6 4. e3 Bd6 5. Nbd2 O-O 6. c3 {[%emt 0:00:36] D02: 1 d4 d5 2 Nf3 sidelines, including 2...Nf6 3 g3 and 2...Nf6 3 Bf4.} c5 7. Bd3 Bxf4 8. exf4 cxd4 9. Nxd4 Nc6 {[%emt 0:05:15] 9...Qc7 injects fresh life into this line.} 10. N2f3 Nxd4 11. Nxd4 Qc7 12. g3 e5 13. fxe5 Qxe5+ 14. Qe2 Qg5 {[%emt 0:00:05] [#] ...Re8 is the strong threat.} 15. h4 $146 (15. O-O {is more complex.} Bh3 16. Rfd1 Rae8 17. Qd2) ({Predecessor:} 15. O-O Bh3 16. Rfe1 Rfe8 17. Qc2 Qh5 18. Nb5 a6 19. Nd6 Rxe1+ 20. Rxe1 Qf3 21. Bf1 Bxf1 22. Rxf1 b5 23. Re1 Rd8 24. Qf5 Qxf5 25. Nxf5 g6 26. Nd4 {½-½ (26) Raines,D (1190)-Shim Ng Min,F (1230) IECC email 2018}) 15... Qh6 16. O-O {[%emt 0:01:28] White has more active pieces. The black rooks are badly placed.} Bg4 17. Qc2 Qh5 18. Rfe1 Rae8 19. Bf1 (19. Kg2 {keeps more tension.} Re5 20. f3 Bd7 21. Rab1) 19... h6 20. Bg2 g5 21. hxg5 hxg5 22. f3 Bd7 23. g4 Qh6 24. Bf1 a6 25. Bd3 {[%emt 0:04:10] Black must now prevent Kg2.} Qh3 {[%emt 0:01:43] [#] aiming for ...Qg3+.} 26. Qh2 {[%emt 0:21:15] Prevents Qg3+.} Bxg4 27. Qxh3 Bxh3 28. Kh2 Bd7 29. Rg1 g4 30. fxg4 Re3 31. Bf5 Bxf5 32. gxf5+ Kh8 33. Rg3 Rxg3 34. Kxg3 $11 {[%emt 0:00:01][%mdl 4096] Endgame KRN-KRN} Re8 {[%emt 0:01:06] Against Re1} 35. a4 Kg7 36. Kf4 Re4+ 37. Kf3 Nd7 38. Rd1 Kf6 39. Rh1 Ne5+ 40. Kg3 Nc6 41. Nxc6 bxc6 {[%emt 0:00:04] KR-KR} 42. Rh6+ Kxf5 {[%emt 0:00:09] And now ...Rc4 would win.} 43. Rxc6 Rxa4 44. Kf3 Ke5 45. Ke3 Ra5 46. b4 Ra3 47. Kd3 a5 48. bxa5 Rxa5 49. Rc8 Ra6 50. Ke3 Re6 51. Rf8 f5 52. Rc8 {[%emt 0:00:29] The position is equal.} Rh6 53. Re8+ Re6 54. Rc8 Ra6 55. Re8+ Kd6 56. Rf8 {[%emt 0:00:32] White wants to mate with Rf6+.} Ra3 57. Rxf5 {[%emt 0:00:24] Weighted Error Value: White=0.05 (flawless) /Black=0.05 (flawless)} 1/2-1/2